Match 35469519
Unlisted

Match 35469519
End
Selects Italian Combined Arms Battlegroup
Selects Bersaglieri Squad
Bersaglieri Squad
Panzergrenadier Squad
Bersaglieri Squad
Construct Light Support Kompanie
Selects Bersaglieri Bolster
Selects Bersaglieri Bolster
2.5-tonne Medical Truck
Bersaglieri Squad
MG34 Team
Fire Support Elements
Construct Mechanized Kompanie
Selects Breda Model 30 Light Machine Guns
Assault Mechanized Group
StuG III D Assault Gun
StuG III D Assault Gun
Selects Semovente da 75/18 Assault Gun
StuG III D Assault Gun
Vehicle Survival Package
Emergency Repair Kits
Selects Strafing Run
Marder III Tank Destroyer
Strafing Run
Marder III Tank Destroyer
Marder III Tank Destroyer
Selects Artillery Cover
Artillery Cover
Strafing Run
8 Rad Armored Car
Artillery Cover
SWORD SOUL
frye
Budaluk
yoon303a
JK
1Div MED
Bubbciss
Luzinit24
0
0

Comments sign in to comment!

No comments posted yet!